cohdb
Replays
Latest Replays
All Replays
Popular Replays
Top Player Replays
Match Explorer
How It Works
Community
CoH3 Stats
Reddit
Sign in to upload your games and track your stats! →
Sign in with Steam
Match 45992627
Unlisted
Match 45992627
Overview
Messages
Build Orders
End
Construct Barracks
Selects Special Operations Battlegroup
Selects M29 Weasel Recon Vehicle
M29 Weasel Recon Vehicle
Riflemen Squad
M1 Mortar Team
Riflemen Squad
Grenade Package
Construct Weapon Support Center
M1919 Machine Gun Team
M1919 Machine Gun Team
Selects Raiding Flares
Air Support Center
M3 Armored Personnel Carrier
Selects SSF Commando Squad
M3 Armored Personnel Carrier
Grasshopper Recon Run
Grasshopper Recon Run
SSF Commando Squad
P-47 Strafing Run
Grasshopper Recon Run
Construct Motor Pool
Construct Tank Depot
P-47 Strafing Run
Grasshopper Recon Run
Selects P-47 Anti-Infantry Loiter
Selects UNKNOWN (2162291)
Raiding Flares
P-47 Anti-Infantry Loiter
DarkShadow0o7
Wonder
markaren
Herr Blautier
TBoR
EPHX_Valkyrion
0
0
Comments
sign in to comment!
No comments posted yet!